 Dungeon Crawl Stone Soup version 0.29.1-15-g9cfb28693d (webtiles) character file.

Game seed: 6284049272802299307

119 croobank the Firebug (level 5, -1/37 HPs)
             Began as a Gnoll Fire Elementalist on Apr 25, 2023.
             Slain by an orc priest
             ... wielding a +0 hand axe
              (8 damage)
             ... on level 3 of the Dungeon.
             The game lasted 00:16:32 (2037 turns).

croobank the Firebug (Gnoll Fire Elementalist)      Turns: 2037, Time: 00:16:33

Health: -1/37      AC:  2    Str:  8    XL:     5   Next: 3%
Magic:  10/12      EV: 13    Int: 16    God:
Gold:   63         SH:  0    Dex: 12    Spells: 8/14 levels left

rFire   . . .      SeeInvis .   i - +0 dagger (venom)
rCold   . . .      Faith    .   (no shield)
rNeg    . . .      Spirit   .   a - +0 robe
rPois   .          Reflect  .   (no helmet)
rElec   .          Harm     .   (no cloak)
rCorr   .          Rampage  .   (no gloves)
Will    .....                   (no boots)
Stlth   +++.......              (no amulet)
HPRegen 0.12/turn               (no ring)
MPRegen 0.13/turn               (no ring)

@: very slightly contaminated
A: fangs 1, strong nose, distributed training
a: no special abilities


You were on level 3 of the Dungeon.
You visited 1 branch of the dungeon, and saw 3 of its levels.

You collected 63 gold pieces.

Inventory:

Hand Weapons
 g - a +0 rapier
 i - a +0 dagger of venom (weapon)
Armour
 a - a +0 robe (worn)
 e - a +0 leather armour
 h - a +0 ring mail
Jewellery
 f - a ring of ice
Scrolls
 c - 3 scrolls of teleportation {unknown}
 j - a scroll of magic mapping {unknown}
 l - a scroll of blinking {unknown}
 o - a scroll of vulnerability {unknown}
Potions
 d - a potion of resistance {unknown}
 k - a potion of curing {unknown}
 m - 2 potions of brilliance {unknown}
 n - a potion of mutation {unknown}
 p - a potion of lignification {unknown}


   Skills:
 + Level 1.4 Fighting
 + Level 1.4 Short Blades
 + Level 1.4 Long Blades
 + Level 1.4 Axes
 + Level 1.4 Maces & Flails
 + Level 1.4 Polearms
 + Level 1.4 Staves
 + Level 1.4 Ranged Weapons
 + Level 1.4 Throwing
 + Level 1.4 Armour
 + Level 4.7 Dodging
 + Level 4.3 Stealth
 + Level 1.4 Shields
 + Level 1.4 Unarmed Combat
 + Level 5.1 Spellcasting
 + Level 2.3 Conjurations
 + Level 1.1 Hexes
 + Level 1.1 Summonings
 + Level 1.1 Necromancy
 + Level 1.1 Translocations
 + Level 1.1 Transmutations
 + Level 5.5 Fire Magic
 + Level 1.1 Ice Magic
 + Level 1.1 Air Magic
 + Level 1.1 Earth Magic
 + Level 1.1 Poison Magic
 + Level 1.5 Invocations
 + Level 1.4 Evocations


You had 8 spell levels left.
You knew the following spells:

 Your Spells              Type           Power      Damage    Failure   Level
a - Foxfire               Conj/Fire      64%        2x1d7     3%          1
b - Scorch                Fire           42%        2d7       2%          2
c - Inner Flame           Hex/Fire       14%        N/A       12%         3

Your spell library contained the following spells:

 Spells                   Type           Power      Damage    Failure   Level
 Conjure Flame            Conj/Fire      16%        6-21      9%          3
 Apportation              Tloc           14%        N/A       10%         1
 Necrotise                Necr           28%        1d5       10%         1
 Summon Small Mammal      Summ           28%        N/A       10%         1
 Flame Wave               Conj/Fire      16%        2d7       28%         4


Dungeon Overview and Level Annotations

Branches:
Dungeon (3/15)

Altars:


Innate Abilities, Weirdness & Mutations

You have very sharp teeth.
Your uncanny sense of smell can sniff out nearby items.
Your experience applies equally to all skills.


Message History

You kill the orc!
A jackal comes into view.
The orc priest invokes the aid of Beogh against you.
Beogh smites you!
A jackal comes into view.
The jackal barks!
You hear a bark!
The foxfire hits the orc priest but does no damage.
A jackal comes into view.
The foxfire hits the orc priest but does no damage.
The foxfire hits the orc priest but does no damage.
Casting: Foxfire (safe; 3% risk of failure)
Confirm with . or Enter, or press ? or * to list all spells.
Flames lash the orc priest.
The orc priest is moderately wounded.
The orc priest's fire resistance burns away.
Casting: Scorch (safe; 2% risk of failure)
Confirm with . or Enter, or press ? or * to list all spells.
You conjure some foxfire!
The orc priest invokes the aid of Beogh against you.
Beogh smites you!
The foxfire hits the orc priest but does no damage.
The orc priest is moderately wounded.
The foxfire hits the orc priest!
The orc priest is burned terribly!
The orc priest is severely wounded.
The orc priest mumbles some strange prayers to Beogh against you.
Beogh smites you!
* * * LOW HITPOINT WARNING * * *
Saving game... please wait.
Welcome back, croobank the Gnoll Fire Elementalist.
Press ? for a list of commands and other information.
Okay, then.
Magic courses through your body.
The orc priest is no longer more vulnerable to fire.
Cast which spell? (? or * to list) Flames lash the jackal.
You kill the jackal!
You hear a shout!
The orc priest hits you with a +0 hand axe!
You die...

#..#b.b.P.# #..########
#..# #..# #..# #..#
###..#####
##........##.###.
##..##....@ohh[)..
#..##########.###. #.##
##### #.#################
#...## #.#....PPb..b....P
####.# #.# ............P
#.#
#.######################.#
#......................#.#
######################.#.#


You could see an orc priest and 2 jackals.

Vanquished Creatures
  Jessica (D:2)
  An orc wizard (D:3)
  An adder (D:2)
  A worm (D:2)
  A dart slug (D:1)
  6 orcs
  4 ball pythons (D:1)
  3 bats
  4 endoplasms
  5 goblins
  A hobgoblin (D:2)
  5 jackals
  A kobold (D:1)
  4 quokkas
  4 frilled lizards
  6 rats
48 creatures vanquished.

Vanquished Creatures (collateral kills)
  A foxfire (D:2)
1 creature vanquished.

Vanquished Creatures (others)
  65 foxfires
  3 plants (D:2)
68 creatures vanquished.

Grand Total: 117 creatures vanquished

Notes
Turn   | Place    | Note
-------+----------+-------------------------------------------
     0 | D:1      | croobank the Gnoll Fire Elementalist began the quest for
                  | the Orb.
     0 | D:1      | Reached XP level 1. HP: 13/13 MP: 6/6
   160 | D:1      | Reached XP level 2. HP: 19/19 MP: 4/7
   163 | D:1      | Learned a level 2 spell: Scorch
   778 | D:1      | Reached skill level 5 in Spellcasting
   778 | D:1      | Reached XP level 3. HP: 25/25 MP: 7/9
  1043 | D:2      | Reached skill level 1 in Invocations
  1274 | D:2      | Reached skill level 1 in Fighting
  1274 | D:2      | Reached skill level 1 in Short Blades
  1274 | D:2      | Reached skill level 1 in Long Blades
  1274 | D:2      | Reached skill level 1 in Axes
  1274 | D:2      | Reached skill level 1 in Maces & Flails
  1274 | D:2      | Reached skill level 1 in Polearms
  1274 | D:2      | Reached skill level 1 in Staves
  1274 | D:2      | Reached skill level 1 in Ranged Weapons
  1274 | D:2      | Reached skill level 1 in Throwing
  1274 | D:2      | Reached skill level 1 in Armour
  1274 | D:2      | Reached skill level 1 in Shields
  1274 | D:2      | Reached skill level 1 in Unarmed Combat
  1274 | D:2      | Reached skill level 1 in Evocations
  1431 | D:2      | Reached XP level 4. HP: 32/32 MP: 7/11
  1435 | D:2      | Learned a level 3 spell: Inner Flame
  1540 | D:2      | Noticed Jessica
  1544 | D:2      | Killed Jessica
  1545 | D:2      | Reached skill level 1 in Hexes
  1545 | D:2      | Reached skill level 1 in Summonings
  1545 | D:2      | Reached skill level 1 in Necromancy
  1545 | D:2      | Reached skill level 1 in Translocations
  1545 | D:2      | Reached skill level 1 in Transmutations
  1545 | D:2      | Reached skill level 1 in Ice Magic
  1545 | D:2      | Reached skill level 1 in Air Magic
  1545 | D:2      | Reached skill level 1 in Earth Magic
  1545 | D:2      | Reached skill level 1 in Poison Magic
  2027 | D:3      | Reached XP level 5. HP: 37/37 MP: 7/12
  2037 | D:3      | Slain by an orc priest

Illustrated notes

Levels and vault maps discovered:
D:1:      dpeg_arrival_refuge, layout_basic
D:2:      layout_rooms, serial_forest, infiniplex_forest_side_room,
          infiniplex_forest_clump_cross, infiniplex_forest_straight_1,
          infiniplex_forest_lined_1, infiniplex_forest_lined_corner,
          infiniplex_forest_straight_5, uniq_jessica
D:3:      layout_loops_ring, overflow_temple_1_default,
          nicolae_overflow_ecumenical_swirl, mainiacjoe_overflow_tiny_flanked,
          nicolae_overflow_hidden_temple, chequers_ecumenical_altar_island,
          serial_aquarium, aquarium_bridge_straight [aquarium_subvault_bridge,
          aquarium_subvault_wall, aquarium_subvault_bridge,
          aquarium_subvault_balcony], aquarium_window_1,
          aquarium_window_corridor_2, aquarium_view_2e, aquarium_view_2f,
          aquarium_balcony_3b, aquarium_pool_2, dk_noncrumbling_4

Skill      XL: |  1  2  3  4 |
---------------+-------------+-----
Conjurations   | 2 |  2.3
Spellcasting   | 5 |  5.1
Invocations    | 1 |  1.5
Fighting       | 1 |  1.4
Short Blades   | 1 |  1.4
Long Blades    | 1 |  1.4
Axes           | 1 |  1.4
Maces & Flails | 1 |  1.4
Polearms       | 1 |  1.4
Staves         | 1 |  1.4
Ranged Weapons | 1 |  1.4
Throwing       | 1 |  1.4
Armour         | 1 |  1.4
Shields        | 1 |  1.4
Unarmed Combat | 1 |  1.4
Evocations     | 1 |  1.4
Hexes          | 1 |  1.1
Summonings     | 1 |  1.1
Necromancy     | 1 |  1.1
Translocations | 1 |  1.1
Transmutations | 1 |  1.1
Ice Magic      | 1 |  1.1
Air Magic      | 1 |  1.1
Earth Magic    | 1 |  1.1
Poison Magic   | 1 |  1.1
Dodging        | |  4.7
Stealth        | |  4.3
Fire Magic     | |  5.5

Action                   |  1- 3 |  4- 6 || total
-------------------------+-------+-------++-------
Melee: Dagger            |     4 |     1 ||     5
       Rapier            |     1 |       ||     1
 Cast: Foxfire           |    25 |    13 ||    38
       Scorch            |    22 |     5 ||    27
  Use: Potion            |       |     1 ||     1
 Stab: Sleeping          |     3 |       ||     3
Dodge: Dodged            |     1 |       ||     1
